 Dungeon Crawl Stone Soup version 0.24-a0-250-g6074511 (webtiles) character file.

Game seed: 12802448232386531036

12613 Borgoz the Fighter (level 11, -1/71 HPs)
             Began as a Gargoyle Gladiator on Apr 15, 2019.
             Was a Priest of Ashenzari.
             Killed from afar by a manticore (19 damage)
             ... with a volley of spikes
             ... on level 11 of the Dungeon.
             The game lasted 00:28:43 (11997 turns).

Borgoz the Fighter (Gargoyle Gladiator)            Turns: 11997, Time: 00:28:44

Health: -1/71      AC: 19    Str: 18    XL:     11   Next: 96%
Magic:  18/18      EV: 15    Int:  9    God:    Ashenzari [***...]
Gold:   738        SH:  0    Dex: 14    Spells: 20/20 levels left

rFire    + . .     SeeInvis +   a - +0 rapier (venom)
rCold    . . .     Gourm    .   (no shield)
rNeg     + + .     Faith    .   u - +1 ring mail {rF+}
rPois    ∞         Spirit   .   t - +1 hat
rElec    +         Reflect  .   s - +1 cloak {rPois}
rCorr    .         Harm     .   (no gloves)
MR       .....                  (no boots)
Stlth    +++.......             (no amulet)
HPRegen  0.21/turn              k - ring of positive energy
MPRegen  0.16/turn              H - ring of stealth

@: barbed spikes, hasted, very quick
A: see invisible, deterioration 1, negative energy resistance 1, screaming 1,
electricity resistance, unbreathing, petrification resistance, rot immunity, AC
+8
a: Curse Item, Scrying, Renounce Religion


You were on level 11 of the Dungeon.
You worshipped Ashenzari.
Ashenzari was most pleased with you.
You were hungry.

You visited 2 branches of the dungeon, and saw 13 of its levels.

You collected 738 gold pieces.

Inventory:

Hand Weapons
 a - a +0 rapier of venom (weapon)
 m - a +4 dagger
Armour
 r - the +3 ring mail "Zaninoh" {rC- MR+++ Str+3 Int+4 Dex-5}
   (You found it on level 11 of the Dungeon)

   It affects your strength (+3).
   It affects your intelligence (+4).
   It affects your dexterity (-5).
   It makes you vulnerable to cold.
   It affects your resistance to hostile enchantments.
 s - a +1 cloak of poison resistance (worn)
 t - a +1 hat (worn)
 u - a +1 ring mail of fire resistance (worn)
Jewellery
 b - an uncursed ring of flight
 d - an uncursed ring of see invisible
 i - a +6 ring of intelligence
 k - a ring of positive energy (left hand)
 q - an uncursed ring of protection from cold
 C - an uncursed ring of ice
 H - a ring of stealth (right hand)
Wands
 c - a wand of scattershot (4)
 y - a wand of paralysis (9)
 z - a wand of random effects (46)
 B - a wand of polymorph (4)
 I - a wand of flame (35)
Scrolls
 g - 4 scrolls of amnesia
 h - a scroll of blinking
 o - a scroll of immolation {unknown}
 p - 6 scrolls of teleportation
 v - a scroll of enchant armour
Potions
 e - a potion of brilliance
 l - a potion of flight
 n - 2 potions of lignification
 w - a potion of invisibility
 x - 2 potions of resistance
 A - 3 potions of agility
 E - a potion of curing
 J - a potion of cancellation
 K - a potion of degeneration {unknown}
Comestibles
 f - 18 rations


   Skills:
 + Level 9.5 Fighting
 + Level 8.2 Short Blades
 - Level 1.7 Throwing
 + Level 9.2 Armour
 + Level 7.4 Dodging
 - Level 5.0 Stealth
 - Level 5.0 Spellcasting
 - Level 4.1 Evocations


You had 20 spell levels left.
You didn't know any spells.
Your spell library contained the following spells:

 Spells                   Type           Power        Failure   Level  Hunger
 Summon Small Mammal      Summ           #...         36%         1    #......
 Call Imp                 Summ           #.......     52%         2    ##.....
 Call Canine Familiar     Summ           #.......     75%         3    ###....
 Summon Guardian Golem    Hex/Summ       #.......     75%         3    ###....
 Summon Ice Beast         Ice/Summ       #.......     98%         4    #####..
 Summon Lightning Spire   Summ/Air       #.......     98%         4    #####..


Dungeon Overview and Level Annotations

Branches:
Dungeon (12/15)            Temple (1/1) D:6            Lair (0/6) D:9
    Orc: D:9-12

Altars:
Ashenzari
Cheibriados
Dithmenos
Elyvilon
Fedhas
Gozag
Hepliaklqana
Kikubaaqudgha
Makhleb
Nemelex Xobeh
Okawaru
Qazlal
Ru
Sif Muna
Trog
Uskayaw
Vehumet
Wu Jian
Xom
Yredelemnul
Zin
The Shining One


Innate Abilities, Weirdness & Mutations

You are resistant to torment.
Your stone body is resilient. (AC +8)
You are immune to poison.
You resist negative energy. (rN+)
You are resistant to electric shocks. (rElec)
You can survive without breathing.
You are immune to petrification.
You are immune to rotting.
You have supernaturally acute eyesight. (SInv)
Your body sometimes deteriorates upon taking damage.
You occasionally shout uncontrollably at your foes.


Message History

The barbed spikes become lodged in your body.
The cyclops shouts!
The cyclops throws a large rock.
The large rock hits you!!
A sky beast comes into view.
The manticore flicks its tail.
The volley of spikes hits you!
The barbed spikes become lodged in your body.
* * * LOW HITPOINT WARNING * * *
The manticore flicks its tail.
The volley of spikes hits you but does no damage.
You feel yourself speed up.
The manticore flicks its tail.
The volley of spikes hits you.
The barbed spikes become lodged in your body.
* * * LOW HITPOINT WARNING * * *
You feel better.
The cyclops throws a large rock.
The large rock misses you.
The manticore flicks its tail.
The volley of spikes hits you!!
The barbed spikes become lodged in your body.
You die...

#.#......†.............
#..>...............####
#######.##.##..........
#.^......#......#
###.....(#......#
####......#......#
#.........#......#
#.#########......# #@#
* ######.. #...H.# **
##. ###..CY.. #.
*.####. ** ## . , ** #
.# * * # # , * * * , ,*
, , *, ###


You could see a manticore, a cyclops and a sky beast.

Vanquished Creatures
  A slime creature (D:11)
  A hydra (D:11)
  Pikel (D:4)
  The ghost of Somebody the Magician, a novice NaAE of Kikubaaqudgha (D:5)
  A centaur zombie (D:11)
  An elephant (D:9)
  2 trolls (D:11)
  3 hippogriffs
  Sigmund (D:4)
  11 yaks
  A hungry ghost (D:8)
  4 hogs (D:7)
  A human (D:7)
  Menkaure (D:7)
  2 water moccasins
  Duvessa (D:7)
  4 orc warriors
  4 ice beasts
  A phantom (D:8)
  A sky beast (D:10)
  A slave (D:4)
  A black bear (D:10)
  2 necrophages
  5 ogres
  4 centaurs
  4 crocodiles
  Blork the orc (D:4)
  2 big kobolds
  5 bullfrogs
  A gnoll sergeant (D:11)
  Dowan (D:7)
  A wyvern skeleton (D:10)
  9 scorpions
  7 killer bees
  4 wights (D:10)
  A bullfrog zombie (D:5)
  3 howler monkeys (D:8)
  6 crimson imps
  3 centaur skeletons
  A bullfrog skeleton (D:5)
  A jelly (D:5)
  12 orc priests
  A hound (D:4)
  12 orc wizards
  3 iguanas
  5 worker ants
  2 hound skeletons
  2 worker ant zombies (D:5)
  8 gnolls
  13 adders
  5 shadow imps
  An ooze (D:2)
  3 worms
  2 dart slugs (D:3)
  4 leopard geckos
  46 orcs
  3 ball pythons
  5 giant cockroaches
  12 goblins
  6 hobgoblins
  16 jackals
  19 kobolds
  7 quokkas
  7 bats
  7 frilled lizards
  A leopard gecko skeleton (D:7)
  A quokka skeleton (D:4)
  8 rats
317 creatures vanquished.

Vanquished Creatures (others)
  A water elemental (D:11)
  A sky beast (D:11)
  An electric eel (D:11)
  5 wights (D:11)
  A howler monkey (D:11)
  A bullfrog zombie (D:11)
  A hound (D:11)
  An orc wizard (D:3)
  5 kobolds (D:11)
17 creatures vanquished.

Grand Total: 334 creatures vanquished

Notes
Turn   | Place    | Note
-------+----------+-------------------------------------------
     0 | D:1      | Borgoz the Gargoyle Gladiator began the quest for the Orb.
     0 | D:1      | Reached XP level 1. HP: 12/12 MP: 1/1
   129 | D:1      | Reached XP level 2. HP: 17/17 MP: 2/2
   204 | D:1      | Reached skill level 1 in Stealth
   406 | D:1      | Reached XP level 3. HP: 22/22 MP: 2/4
   672 | D:2      | Reached skill level 1 in Armour
   739 | D:2      | Reached skill level 1 in Spellcasting
   859 | D:2      | Reached XP level 4. HP: 27/27 MP: 5/5
  1144 | D:2      | Noticed a bullfrog
  1157 | D:2      | Killed a bullfrog
  1157 | D:2      | Reached XP level 5. HP: 21/32 MP: 5/7
  1524 | D:2      | Found an ancient bone altar of Kikubaaqudgha.
  1648 | D:3      | Noticed a big kobold
  1673 | D:3      | Killed a big kobold
  1673 | D:3      | Reached XP level 6. HP: 36/37 MP: 8/8
  2629 | D:3      | Reached XP level 7. HP: 42/42 MP: 10/10
  2994 | D:4      | Found a radiant altar of Vehumet.
  3005 | D:4      | Found a sacrificial altar of Ru.
  3084 | D:4      | Found a shattered altar of Ashenzari.
  3086 | D:4      | Noticed Blork the orc
  3108 | D:4      | Killed Blork the orc
  3277 | D:4      | Became a worshipper of Ashenzari the Shackled
  3299 | D:4      | Noticed Pikel
  3342 | D:4      | Killed Pikel
  3342 | D:4      | Reached XP level 8. HP: 25/48 MP: 10/13
  3437 | D:4      | Found a burning altar of Makhleb.
  3511 | D:4      | Found a hazy altar of Hepliaklqana.
  3585 | D:4      | Noticed Sigmund
  3606 | D:4      | Killed Sigmund
  3836 | D:4      | Noticed a hippogriff
  3849 | D:4      | Killed a hippogriff
  3849 | D:4      | Reached skill level 5 in Fighting
  4176 | D:5      | Entered Level 5 of the Dungeon
  4205 | D:5      | Reached skill level 5 in Stealth
  4314 | D:5      | Found a runed translucent gate.
  4314 | D:5      | Found a runed translucent gate.
  4314 | D:5      | Noticed Somebody's ghost (novice NaAE)
  4315 | D:5      | Found a runed translucent gate.
  4472 | D:5      | Gained mutation: You are agile. (Dex +2) [potion of
                  | mutation]
  4472 | D:5      | Gained mutation: You do not regenerate when monsters are
                  | visible. [potion of mutation]
  4472 | D:5      | Gained mutation: You have sharp fingernails. [potion of
                  | mutation]
  4475 | D:5      | Reached skill level 1 in Evocations
  4477 | D:5      | Reached XP level 9. HP: 5/54 MP: 13/15
  4499 | D:5      | Lost mutation: You have sharp fingernails. [potion of
                  | mutation]
  4499 | D:5      | Lost mutation: You are agile. (Dex +2) [potion of mutation]
  4499 | D:5      | Lost mutation: You do not regenerate when monsters are
                  | visible. [potion of mutation]
  4499 | D:5      | Gained mutation: You occasionally shout uncontrollably at
                  | your foes. [potion of mutation]
  4499 | D:5      | Gained mutation: Your body sometimes deteriorates upon
                  | taking damage. [potion of mutation]
  4499 | D:5      | Gained mutation: You have supernaturally acute eyesight.
                  | (SInv) [potion of mutation]
  4916 | D:5      | Reached skill level 5 in Short Blades
  4950 | D:5      | Found a white marble altar of Elyvilon.
  5028 | D:5      | Reached skill level 5 in Armour
  5130 | D:5      | Killed Somebody's ghost
  5731 | D:6      | Reached * piety under Ashenzari
  5827 | D:6      | Reached skill level 5 in Dodging
  5934 | D:6      | Found a staircase to the Ecumenical Temple.
  6474 | Temple   | Entered the Ecumenical Temple
  6650 | D:7      | Found a glowing silver altar of Zin.
  6715 | D:7      | Reached skill level 5 in Spellcasting
  6715 | D:7      | Reached XP level 10. HP: 31/61 MP: 17/17
  6934 | D:7      | Noticed Menkaure
  6954 | D:7      | Killed Menkaure
  7250 | D:7      | Noticed Dowan
  7252 | D:7      | Noticed Duvessa
  7265 | D:7      | Killed Duvessa
  7268 | D:7      | Killed Dowan
  8072 | D:8      | Reached ** piety under Ashenzari
  8731 | D:9      | Found a blossoming altar of Fedhas.
  8794 | D:9      | Found a staircase to the Lair.
  8794 | D:9      | Noticed an elephant
  8816 | D:9      | Killed an elephant
  8816 | D:9      | Reached XP level 11. HP: 42/68 MP: 18/18
  9924 | D:10     | Entered Level 10 of the Dungeon
 10185 | D:10     | Reached *** piety under Ashenzari
 10668 | D:11     | Noticed an eight-headed hydra
 10670 | D:11     | Got the uncursed ring mail "Zaninoh" {rC- MR+++ Str+3 Int+4
                  | Dex-5}
 10678 | D:11     | Killed an eight-headed hydra
 11991 | D:11     | Noticed a manticore
 11991 | D:11     | Noticed a cyclops
 11997 | D:11     | Killed from afar by a manticore

Levels and vault maps discovered:
D:1:      dpeg_arrival_simpleton_c, layout_basic, serial_bayou_pond_d,
          serial_bayou_pond_a
D:2:      minmay_skewed_foursquare, layout_basic, kiku_gazebo_garden_becter,
          serial_bayou_pond_e
D:3:      layout_loops_ring, first_ration, hangedman_decor_push,
          roderic_serpentine_path, chequers_jeans
D:4:      layout_basic, ashenzari_conservatory_becter, lemuel_doored_altar,
          lemuel_round_altar, minitemple, uniq_blork_the_orc, uniq_pikel,
          uniq_sigmund
D:5:      layout_basic, overflow_temple_1_default, gammafunk_ghost_split,
          grunt_ministairs_11
D:6:      minmay_inner_zag, layout_rooms, temple_fountains,
          minmay_misc_feat_four_crosses
D:7:      layout_gridville, kennysheep_mini, grunt_livestock, uniq_duvessa,
          uniq_menkaure
D:8:      layout_cave_pools, minmay_starry_boxes
D:9:      layout_loops_corners, kennysheep_mini_moat, david_lair_generic
D:10:     layout_long_grid
D:11:     minmay_evil_eye, layout_basic, lemuel_flamethrower_2
D:12:     minmay_outward_triangles, layout_loops_ring, orc_david_3,
          chequers_serial_rivers_large_a
Temple:   cyrus_circular_temple

Skill      XL: |  1  2  3  4  5  6  7  8  9 10 11 |
---------------+----------------------------------+-----
Stealth        | 1 2 3 4 5 |  5.0
Armour         | 1 2 3 4 6 7 9 |  9.2
Short Blades   | 3 4 5 7 8 |  8.2
Spellcasting   | 1 2 3 4 5 |  5.0
Fighting       | 3 4 5 6 8 9 |  9.5
Dodging        | 3 4 5 6 7 |  7.4
Evocations     | 1 3 4 |  4.1
Throwing       | |  1.7

Action                   |  1- 3 |  4- 6 |  7- 9 | 10-12 || total
-------------------------+-------+-------+-------+-------++-------
Melee: Rapier            |   121 |   256 |   534 |   792 ||  1703
Throw: Throwing net      |       |     4 |     4 |     1 ||     9
Evoke: Wand              |       |       |     1 |     5 ||     6
  Use: Scroll            |       |     6 |     4 |     8 ||    18
       Potion            |       |     2 |     7 |     7 ||    16
 Stab: Sleeping          |       |       |     1 |     3 ||     4
       Invisible         |       |       |       |     6 ||     6
       Paralysed         |       |       |       |     7 ||     7
  Eat: Chunk             |       |     6 |    12 |    16 ||    34
       Ration            |       |       |     1 |     2 ||     3
Armor: Leather armour    |     3 |       |       |       ||     3
       Ring mail         |    55 |   100 |   238 |   416 ||   809
Dodge: Dodged            |    85 |   161 |   356 |   651 ||  1253

Table legend:
 A = Non-vault XP
 B = Vault XP
 C = Vault XP percentage of total XP
 D = Non-vault monster count
 E = Vault monster count
 F = Vault count percentage of total count
                 A         B        C        D         E       F
            +---------+---------+-------+---------+---------+-------
      Total |   13341 |    4678 |  26.0 |     279 |      38 |  12.0
            +---------+---------+-------+---------+---------+-------
        D:1 |      43 |       0 |   0.0 |      28 |       0 |   0.0
        D:2 |      67 |     140 |  67.6 |      25 |       9 |  26.5
        D:3 |     409 |       0 |   0.0 |      42 |       0 |   0.0
        D:4 |     360 |     991 |  73.4 |      12 |       3 |  20.0
        D:5 |     773 |     861 |  52.7 |      32 |       7 |  17.9
        D:6 |     285 |     380 |  57.1 |       4 |       4 |  50.0
        D:7 |    1590 |    1369 |  46.3 |      27 |       8 |  22.9
        D:8 |    1300 |      39 |   2.9 |      26 |       3 |  10.3
        D:9 |    1779 |     898 |  33.5 |      23 |       4 |  14.8
       D:10 |    1414 |       0 |   0.0 |      29 |       0 |   0.0
       D:11 |    5321 |       0 |   0.0 |      31 |       0 |   0.0
            +---------+---------+-------+---------+---------+-------
